PIO (24 & UNDER)
SEATTLE RAINIERS @ SALEM SLEDGEHAMMERS
04/07/2023
 
TOP OF THE 1ST
Seattle Rainiers batting - Pitching for Salem Sledgehammers : LHP Don Sutherland
Pitching: LHP Don Sutherland
Batting: RHB Aaron Holt 0-0: Ball
1-0: Ball
2-0: Ball
3-0: Called Strike
3-1: Ground out 4-3 (Groundball, 4M)
Batting: SHB Glenn Vadnais 0-0: Ball
1-0: Ball
2-0: Ball
3-0: Base on Balls
Batting: LHB Tony Rivera 0-0: Ball
1-0: Called Strike
1-1: DOUBLE (Line Drive, 9M)
Glenn Vadnais to third
Runner from 3rd tries for Home, SAFE, throw made home
Batting: RHB Pedro Rodríguez 0-0: Ball
1-0: Ball
2-0: Ball
3-0: Called Strike
3-1: Called Strike
3-2: Base on Balls
Batting: LHB Tom Baker 0-0: Foul Ball, location: 2F
0-1: Called Strike
0-2: Ball
1-2: SINGLE (Groundball, 56D)
Tony Rivera to third
Pedro Rodríguez to second
Runner from 3rd tries for Home, SAFE, no throw or cutoff
Batting: RHB Chris Parker 0-0: Ball
1-0: Called Strike
1-1: Ball
2-1: Foul Ball, location: 2F
2-2: Ball
3-2: Base on Balls
Pedro Rodríguez to third
Tom Baker to second
Batting: RHB José Gómez 0-0: Hit by Pitch
Pedro Rodríguez scores
Tom Baker to third
Chris Parker to second
Batting: RHB Bill Dawson 0-0: Foul Ball, location: 2F
0-1: Foul Ball, location: 2F
0-2: Ball
1-2: Foul Ball, location: 2F
1-2: Ground out 5-3 (Groundball, 56S)
Tom Baker scores
Chris Parker to third
José Gómez to second
Batting: LHB Norbert Mosley 0-0: Ground out 6-3 (Groundball, 6)
Top of the 1st over - 4 run(s), 2 hit(s), 0 error(s), 2 left on base; Seattle 4 - Salem 0
BOTTOM OF THE 1ST
Salem Sledgehammers batting - Pitching for Seattle Rainiers : LHP Nelson Béltre
Pitching: LHP Nelson Béltre
Batting: RHB William Richardson 0-0: Called Strike
0-1: Ball
1-1: Ball
2-1: Swinging Strike
2-2: Strikes out swinging
Batting: LHB José Rivera 0-0: Ball
1-0: Ball
2-0: Ball
3-0: Called Strike
3-1: Ground out 4-3 (Groundball, 4)
Batting: RHB Earnest Finnegan 0-0: Foul Ball, location: 2F
0-1: Ball
1-1: Ball
2-1: Foul Ball, location: 2F
2-2: Ball
3-2: Foul Ball, location: 2F
3-2: Base on Balls
Batting: RHB Brandon Pope 0-0: Called Strike
0-1: Foul Ball, location: 2F
0-2: Strikes out swinging
Bottom of the 1st over - 0 run(s), 0 hit(s), 0 error(s), 1 left on base; Seattle 4 - Salem 0
TOP OF THE 2ND
Seattle Rainiers batting - Pitching for Salem Sledgehammers : LHP Don Sutherland
Batting: RHB Aaron Holt 0-0: Ground out 5-3 (Groundball, 56S)
Batting: SHB Glenn Vadnais 0-0: Swinging Strike
0-1: Called Strike
0-2: Ground out 5-3 (Groundball, 56S)
Batting: LHB Tony Rivera 0-0: Ball
1-0: Called Strike
1-1: Ball
2-1: Ball
3-1: Base on Balls
Batting: RHB Pedro Rodríguez 0-0: Ground out 6-3 (Groundball, 6)
Top of the 2nd over - 0 run(s), 0 hit(s), 0 error(s), 1 left on base; Seattle 4 - Salem 0
BOTTOM OF THE 2ND
Salem Sledgehammers batting - Pitching for Seattle Rainiers : LHP Nelson Béltre
Batting: RHB Norm Francis 0-0: Ball
1-0: Fly out, F7 (Flyball, 78M)
Batting: SHB Pepe Pińa 0-0: Ball
1-0: Swinging Strike
1-1: Ball
2-1: Ground out 4-3 (Groundball, 4)
Batting: SHB Lee Townsend 0-0: Foul Ball, location: 2F
0-1: Ball
1-1: Foul Ball, location: 2F
1-2: Ball
2-2: Strikes out swinging
Bottom of the 2nd over - 0 run(s), 0 hit(s), 0 error(s), 0 left on base; Seattle 4 - Salem 0
TOP OF THE 3RD
Seattle Rainiers batting - Pitching for Salem Sledgehammers : LHP Don Sutherland
Batting: LHB Tom Baker 0-0: Ball
1-0: Foul Ball, location: 2F
1-1: Fly out, F6 (Popup, 6D)
Batting: RHB Chris Parker 0-0: Called Strike
0-1: Swinging Strike
0-2: Ball
1-2: Strikes out swinging
Batting: RHB José Gómez 0-0: Ball
1-0: Foul Ball, location: 2F
1-1: Called Strike
1-2: Ball
2-2: Strikes out swinging
Top of the 3rd over - 0 run(s), 0 hit(s), 0 error(s), 0 left on base; Seattle 4 - Salem 0
BOTTOM OF THE 3RD
Salem Sledgehammers batting - Pitching for Seattle Rainiers : LHP Nelson Béltre
Batting: RHB Ryan Cates 0-0: Ball
1-0: Ball
2-0: Ball
3-0: Called Strike
3-1: Called Strike
3-2: Foul Ball, location: 2F
3-2: Ground out 3-1 (Groundball, 34)
Batting: RHB Fernando Pérez 0-0: Ball
1-0: Called Strike
1-1: SINGLE (Groundball, 6D)
Batting: RHB William Richardson 0-0: SINGLE (Line Drive, 56D)
Fernando Pérez to second
Batting: LHB José Rivera 0-0: Called Strike
0-1: Swinging Strike
0-2: Foul Ball, location: 2F
0-2: Foul Ball, location: 2F
0-2: Ball
1-2: Foul Ball, location: 2F
1-2: Ball
2-2: Strikes out looking
Batting: RHB Earnest Finnegan 0-0: Called Strike
0-1: Swinging Strike
0-2: Ball
1-2: Ball
2-2: Fly out, F9 (Flyball, 89S)
Bottom of the 3rd over - 0 run(s), 2 hit(s), 0 error(s), 2 left on base; Seattle 4 - Salem 0
TOP OF THE 4TH
Seattle Rainiers batting - Pitching for Salem Sledgehammers : LHP Don Sutherland
Batting: RHB Bill Dawson 0-0: Foul Ball, location: 2F
0-1: SINGLE (Flyball, 89S)
Batting: LHB Norbert Mosley 0-0: Foul Ball, location: 2F
0-1: Ball
1-1: Foul Ball, location: 2F
1-2: Ball
2-2: Strikes out swinging
Batting: RHB Aaron Holt 0-0: Ball
1-0: Ball
2-0: Ball
3-0: Base on Balls
Bill Dawson to second
Batting: SHB Glenn Vadnais 0-0: Grounds into double play, 6-4-3 (Groundball, 56)
Top of the 4th over - 0 run(s), 1 hit(s), 0 error(s), 1 left on base; Seattle 4 - Salem 0
BOTTOM OF THE 4TH
Salem Sledgehammers batting - Pitching for Seattle Rainiers : LHP Nelson Béltre
Batting: RHB Brandon Pope 0-0: Foul Ball, location: 2F
0-1: Fly out, F8 (Flyball, 8RM)
Batting: RHB Norm Francis 0-0: SINGLE (Line Drive, 56)
Batting: SHB Pepe Pińa 0-0: Ball
1-0: Fly out, F8 (Flyball, 8RD)
Batting: SHB Lee Townsend 0-0: Ball
1-0: Ball
2-0: Called Strike
2-1: Ball
3-1: Foul Ball, location: 2F
3-2: Foul Ball, location: 2F
3-2: Foul Ball, location: 2F
3-2: Base on Balls
Norm Francis to second
Batting: RHB Ryan Cates 0-0: Ball
1-0: Swinging Strike
1-1: Ball
2-1: Ball
3-1: Called Strike
3-2: Base on Balls
Norm Francis to third
Lee Townsend to second
Batting: RHB Fernando Pérez 0-0: Ball
1-0: Foul Ball, location: 2F
1-1: Foul Ball, location: 2F
1-2: Strikes out swinging
Bottom of the 4th over - 0 run(s), 1 hit(s), 0 error(s), 3 left on base; Seattle 4 - Salem 0
TOP OF THE 5TH
Seattle Rainiers batting - Pitching for Salem Sledgehammers : LHP Don Sutherland
Batting: LHB Tony Rivera 0-0: Ball
1-0: Foul Ball, location: 2F
1-1: DOUBLE (Flyball, 78M)
Batting: RHB Pedro Rodríguez 0-0: Swinging Strike
0-1: Ball
1-1: Ball
2-1: Swinging Strike
2-2: Strikes out swinging
Batting: LHB Tom Baker 0-0: Intentional Walk
Batting: RHB Chris Parker 0-0: Called Strike
0-1: Called Strike
0-2: Foul Ball, location: 2F
0-2: Ball
1-2: Foul Ball, location: 2F
1-2: Ball
2-2: Grounds into double play, 5-4-3 (Groundball, 56)
Top of the 5th over - 0 run(s), 1 hit(s), 0 error(s), 1 left on base; Seattle 4 - Salem 0
BOTTOM OF THE 5TH
Salem Sledgehammers batting - Pitching for Seattle Rainiers : LHP Nelson Béltre
Batting: RHB William Richardson 0-0: Foul Ball, location: 2F
0-1: Ball
1-1: Fly out, F4 (Popup, 4)
Batting: LHB José Rivera 0-0: Ball
1-0: Foul Ball, location: 2F
1-1: Called Strike
1-2: Ball
2-2: Foul Ball, location: 2F
2-2: Ball
3-2: Foul Ball, location: 2F
3-2: Foul Ball, location: 2F
3-2: Foul Ball, location: 2F
3-2: Strikes out looking
Batting: RHB Earnest Finnegan 0-0: Ball
1-0: Ball
2-0: Ball
3-0: Called Strike
3-1: Base on Balls
Pitching: RHP Edward Hastings
Batting: RHB Brandon Pope 0-0: Called Strike
0-1: Ball
1-1: TRIPLE (Line Drive, 9D)
Earnest Finnegan scores
Batting: RHB Norm Francis 0-0: Ball
1-0: Ground out 6-3 (Groundball, 6M)
Bottom of the 5th over - 1 run(s), 1 hit(s), 0 error(s), 1 left on base; Seattle 4 - Salem 1
TOP OF THE 6TH
Seattle Rainiers batting - Pitching for Salem Sledgehammers : LHP Don Sutherland
Pitching: LHP Nick Johnson
Batting: RHB José Gómez 0-0: Ground out 4-3 (Groundball, 4M)
Batting: RHB Bill Dawson 0-0: Called Strike
0-1: Foul Ball, location: 2F
0-2: Ball
1-2: Strikes out swinging
Batting: LHB Norbert Mosley 0-0: Called Strike
0-1: Ground out U3 (Groundball, 3S)
Top of the 6th over - 0 run(s), 0 hit(s), 0 error(s), 0 left on base; Seattle 4 - Salem 1
BOTTOM OF THE 6TH
Salem Sledgehammers batting - Pitching for Seattle Rainiers : RHP Edward Hastings
Batting: SHB Pepe Pińa 0-0: Ball
1-0: Ball
2-0: Foul Ball, location: 2F
2-1: Ball
3-1: Foul Ball, location: 2F
3-2: Foul Ball, location: 2F
3-2: SINGLE (Groundball, 4M)
Batting: SHB Lee Townsend 0-0: Ball
1-0: 2-RUN HOME RUN (Flyball, 9LD), Distance : 396 ft
Batting: RHB Ryan Cates 0-0: Ground out 5-3 (Groundball, 5)
Batting: RHB Fernando Pérez 0-0: Ball
1-0: SINGLE (Groundball, 56D)
Batting: RHB William Richardson 0-0: Called Strike
0-1: DOUBLE (Flyball, 7M)
Fernando Pérez to third
Runner from 3rd tries for Home, SAFE, throw made at trailing runner, SAFE at third!
Batting: LHB José Rivera 0-0: Foul Ball, location: 2F
0-1: Foul Ball, location: 2F
0-2: Strikes out swinging
Batting: RHB Earnest Finnegan 0-0: Intentional Walk
Batting: RHB Brandon Pope 0-0: Ball
1-0: Ball
2-0: Called Strike
2-1: Swinging Strike
2-2: Ball
3-2: Ground out 4-3 (Groundball, 4)
Bottom of the 6th over - 3 run(s), 4 hit(s), 0 error(s), 2 left on base; Seattle 4 - Salem 4
TOP OF THE 7TH
Seattle Rainiers batting - Pitching for Salem Sledgehammers : LHP Nick Johnson
Batting: RHB Aaron Holt 0-0: Ball
1-0: Fly out, F7 (Flyball, 7LM)
Batting: SHB Glenn Vadnais 0-0: Called Strike
0-1: Ball
1-1: Ball
2-1: Foul Ball, location: 2F
2-2: Strikes out swinging
Pinch Hitting: LHB Juan Viera 0-0: Ball
1-0: Called Strike
1-1: Swinging Strike
1-2: Ball
2-2: Ground out 2-3 (Groundball, 2L)
Top of the 7th over - 0 run(s), 0 hit(s), 0 error(s), 0 left on base; Seattle 4 - Salem 4
BOTTOM OF THE 7TH
Salem Sledgehammers batting - Pitching for Seattle Rainiers : RHP Edward Hastings
Now at SS: Francisco Lópes
Pinch Hitting: RHB B.J. Allen 0-0: Called Strike
0-1: Foul Ball, location: 2F
0-2: SINGLE (Groundball, 6MD)
Pinch Runner at 1st Júlio Salazar:
Batting: SHB Pepe Pińa 0-0: Bunt missed!
0-1: Reached on error, E5 (Groundball, 5S)
Júlio Salazar to third
Batting: SHB Lee Townsend 0-0: Intentional Walk
Batting: RHB Ryan Cates 0-0: DOUBLE (Groundball, 5L)
Júlio Salazar scores
Pepe Pińa scores
Lee Townsend to third
Pitching: RHP Leo MacIntosh
Batting: RHB Fernando Pérez 0-0: Called Strike
0-1: Ball
1-1: Fly out, F7 (Line Drive, 78M)
Throwing error, E7
Lee Townsend scores
Ryan Cates to third
Batting: RHB William Richardson 0-0: Intentional Walk
Batting: LHB José Rivera 0-0: Ball
1-0: Ball
2-0: Swinging Strike
2-1: Foul Ball, location: 2F
2-2: Strikes out looking
Batting: RHB Earnest Finnegan Balk!
Ryan Cates scores
William Richardson to second
0-0: Intentional Walk
Batting: RHB Brandon Pope 0-0: Called Strike
0-1: Ball
1-1: Ball
2-1: Called Strike
2-2: Fly out, F8 (Flyball, 89M)
Bottom of the 7th over - 4 run(s), 2 hit(s), 2 error(s), 2 left on base; Seattle 4 - Salem 8
TOP OF THE 8TH
Seattle Rainiers batting - Pitching for Salem Sledgehammers : LHP Nick Johnson
Pitching: RHP Roberto Moreno
Now at 2B: Brent Alonzo
Batting: RHB Pedro Rodríguez 0-0: Called Strike
0-1: Swinging Strike
0-2: Ball
1-2: Strikes out swinging
Batting: LHB Tom Baker 0-0: Called Strike
0-1: Fly out, F7 (Flyball, 78M)
Batting: RHB Chris Parker 0-0: Called Strike
0-1: Swinging Strike
0-2: Ball
1-2: Strikes out looking
Top of the 8th over - 0 run(s), 0 hit(s), 0 error(s), 0 left on base; Seattle 4 - Salem 8
BOTTOM OF THE 8TH
Salem Sledgehammers batting - Pitching for Seattle Rainiers : RHP Leo MacIntosh
Batting: LHB Brent Alonzo 0-0: Called Strike
0-1: Ball
1-1: Ball
2-1: Ball
3-1: Swinging Strike
3-2: Base on Balls
Batting: SHB Pepe Pińa 0-0: Bunted foul
0-1: Sac Bunt - play at first, batter OUT! 5-4
Brent Alonzo to second
Batting: SHB Lee Townsend 0-0: Intentional Walk
Batting: RHB Ryan Cates 0-0: Fly out, F8 (Flyball, 8RM)
Batting: RHB Fernando Pérez 0-0: Ball
1-0: Ball
2-0: Ground out 5-3 (Groundball, 56)
Bottom of the 8th over - 0 run(s), 0 hit(s), 0 error(s), 2 left on base; Seattle 4 - Salem 8
TOP OF THE 9TH
Seattle Rainiers batting - Pitching for Salem Sledgehammers : RHP Roberto Moreno
Batting: RHB José Gómez 0-0: Ground out 5-3 (Groundball, 56)
Batting: RHB Bill Dawson 0-0: Ball
1-0: Ball
2-0: Called Strike
2-1: Foul Ball, location: 2F
2-2: SINGLE (Line Drive, 9S)
Batting: LHB Norbert Mosley 0-0: Ball
1-0: Called Strike
1-1: Swinging Strike
1-2: Ball
2-2: Strikes out swinging
Batting: RHB Aaron Holt 0-0: Ball
1-0: Called Strike
1-1: Ball
2-1: Foul Ball, location: 2F
2-2: Strikes out swinging
Top of the 9th over - 0 run(s), 1 hit(s), 0 error(s), 1 left on base; Seattle 4 - Salem 8
This league is powered by Out of the Park Baseball, the baseball management simulation game for PC, Mac and Linux
Wednesday, December 2nd, 2015 - OOTP Baseball 16.8 Build 38